 Dungeon Crawl Stone Soup version 0.23.2-40-g277498a001 (webtiles) character file.

Game seed: 2687757362543250624

59 Marnok the Shield-Bearer (level 3, -2/33 HPs)
             Began as a Minotaur Fighter on Oct 5, 2019.
             Slain by a gnoll
             ... wielding a +0 whip
              (8 damage)
             ... on level 2 of the Dungeon.
             The game lasted 00:03:48 (1219 turns).

Marnok the Shield-Bearer (Minotaur Fighter)         Turns: 1219, Time: 00:03:48

Health: -2/33      AC:  7    Str: 18 (21) XL:     3   Next: 78%
Magic:  2/2        EV:  7    Int:  9 (10) God:
Gold:   41         SH:  9    Dex:  8 (9)  Spells: 2/2 levels left

rFire    . . .     SeeInvis .   a - +0 long sword
rCold    . . .     Gourm    .   c - +0 shield
rNeg     . . .     Faith    .   b - +0 scale mail
rPois    .         Spirit   .   (helmet restricted)
rElec    .         Reflect  .   (no cloak)
rCorr    .         Harm     .   (no gloves)
MR       .....                  (no boots)
Stlth    ..........             (no amulet)
HPRegen  0.11/turn              (no ring)
MPRegen  0.08/turn              (no ring)

@: brilliant, flying
A: retaliatory headbutt, horns 2
a: no special abilities


You were on level 2 of the Dungeon.
You were very hungry.

You visited 1 branch of the dungeon, and saw 3 of its levels.

You collected 41 gold pieces.

Inventory:

Hand Weapons
 a - a +0 long sword (weapon)
Missiles
 j - 2 needles of sleeping
Armour
 b - a +0 scale mail (worn)
 c - a +0 shield (worn)
Scrolls
 h - a scroll of identify
 k - a scroll of fog
 m - a scroll of blinking {unknown}
 n - a scroll of enchant armour {unknown}
 o - a scroll of magic mapping {unknown}
Potions
 d - 2 potions of might
 l - a potion of lignification
Comestibles
 f - 3 rations


   Skills:
 + Level 3.7 Fighting
 + Level 3.5 Long Blades
 + Level 4.0 Armour
 + Level 0.2 Dodging
 + Level 0.1 Stealth
 + Level 4.6 Shields


You had 2 spell levels left.
You didn't know any spells.
Your spell library was empty.

Dungeon Overview and Level Annotations

Branches:
Dungeon (3/15)

Altars:
Elyvilon
Yredelemnul


Innate Abilities, Weirdness & Mutations

You reflexively headbutt those who attack you in melee.
You have a pair of horns on your head.


Message History

The gnoll hits you from afar with a cursed -2 spear!
The gnoll hits you with a +0 whip. You block the gnoll's attack. x2
You barely miss the gnoll.
The gnoll hits you with a cursed -2 spear.
The gnoll hits you with a +0 whip.
* * * LOW HITPOINT WARNING * * *
You block the gnoll's attack. The gnoll barely misses you.
It was a potion of brilliance.
You feel clever all of a sudden.
The gnoll hits you but does no damage. x2
It was a potion of degeneration.
There was something very wrong with that liquid.
You feel weakened.
You feel dopey.
You feel clumsy. The gnoll hits you but does no damage.
You block the gnoll's attack.
It was a potion of flight.
You feel very buoyant.
You fly up into the air.
The gnoll hits you with a +0 whip!
You die...

#.#..........#.#......#
#....................[.
###.#######..#.#...##.#
#.##...........## #.#
#.##.#####.#....###.#
##
#.##.#####.#.###.##.#
#.. #...)..)....##
##.#.####.#
####.######.#
#.....##.# # #.#
#@#####.#.#.##.# #
###.# ##g#.#.####.##.#
# #...#
#..g....###.##.###
#.###
#......>.....#.... #.#
#[#..........#.###
###.####
#.##.#....÷.......
#......#
#.................
#.#....#
####........##.###
#.####.#.⌠
#...........##.# #


You could see 2 gnolls.

Vanquished Creatures
  A gnoll (D:2)
  An adder (D:2)
  A dart slug (D:1)
  2 leopard geckos
  A giant cockroach (D:2)
  2 gnoll zombies (D:2)
  7 goblins
  4 hobgoblins
  A quokka (D:2)
  5 bats
  A frilled lizard (D:1)
  4 kobolds (D:1)
  5 rats
35 creatures vanquished.

Notes
Turn   | Place    | Note
-------+----------+-------------------------------------------
     0 | D:1      | Marnok the Minotaur Fighter began the quest for the Orb.
     0 | D:1      | Reached XP level 1. HP: 19/19 MP: 0/0
   158 | D:1      | Reached XP level 2. HP: 27/27 MP: 1/1
   864 | D:2      | Reached XP level 3. HP: 33/33 MP: 2/2
   930 | D:2      | Found a basalt altar of Yredelemnul.
  1037 | D:2      | Found a white marble altar of Elyvilon.
  1219 | D:2      | Slain by a gnoll

Skill      XL: |  1  2  3 |
---------------+----------+-----
Shields        | 4 |  4.6
Armour         | 4 |  4.0
Long Blades    | 3 |  3.5
Fighting       | |  3.7
Dodging        | |  0.2
Stealth        | |  0.1

Action                   || total
-------------------------++-------
Melee: Long sword        ||    89
       Headbutt          ||    14
  Use: Scroll            ||     4
       Potion            ||     3
Armor: Scale mail        ||    42
Dodge: Dodged            ||    27
Block: Shield            ||    51
       Rpst.: Long sword ||     4
